 Dungeon Crawl Stone Soup version 0.18-a0-1413-g4eaa9ac (webtiles) character file.

9 M4edhros the Charlatan (level 2, -1/18 HPs)
             Began as an Octopode Artificer on Feb 25, 2016.
             Slain by a hobgoblin
             ... wielding a +0 club
              (8 damage)
             ... on level 1 of the Dungeon.
             The game lasted 00:00:19 (251 turns).

M4edhros the Charlatan (Octopode Artificer)          Turns: 251, Time: 00:00:19

Health: -1/18      AC:  1    Str: 10    XL:     2   Next: 16%
Magic:  4/4        EV: 12    Int: 14    God:
Gold:   0          SH:  0    Dex: 12    Spells: 0 memorised, 1 level left

rFire  . . .     SeeInvis .       - Unarmed
rCold  . . .     Gourm    .     (no shield)
rNeg   . . .     Faith    .     (helmet restricted)
rPois  .         Spirit   .     (no amulet)
rElec  .         Dismiss  .     e - ring of resist corrosion
rCorr  +         Reflect  .     (no ring)
SustAt .         Harm     .     (no ring)
MR     .....                    (no ring)
Stlth  +++.......               (no ring)
                                (no ring)
                                (no ring)
                                (no ring)

@: not resistant to hostile enchantments, fairly stealthy
A: almost no armour, amphibious, 8 rings, constrict 8, camouflage 1, gelatinous
body 1
a: no special abilities


You were on level 1 of the Dungeon.
You were not hungry.

You visited 1 branch of the dungeon, and saw 1 of its levels.

Inventory:

Jewellery
 e - a ring of resist corrosion (left tentacle)
Wands
 b - a wand of flame (15/48)
 c - a wand of enslavement (15/24)
 d - a wand of random effects (15/48)
Scrolls
 a - a scroll of enchant armour {unknown}
 g - a scroll of amnesia {unknown}
 h - a scroll of remove curse {unknown}
Potions
 i - a potion of mutation {unknown}
Comestibles
 f - a bread ration


   Skills:
 - Level 1.0 Fighting
   Level 1.0 Short Blades
 - Level 2.0 Dodging
 - Level 1.3 Stealth
 + Level 1.7 Unarmed Combat
 - Level 3.2 Evocations


You had one spell level left.
You didn't know any spells.

Dungeon Overview and Level Annotations

Branches:
Dungeon (1/15)

Altars:


Innate Abilities, Weirdness & Mutations

You cannot wear most types of armour.
You are amphibious.
You can wear up to eight rings at the same time.
You can use your tentacles to constrict eight enemies at once.
Your skin changes colour to match your surroundings (Stealth).
Your rubbery body absorbs attacks (AC +1).


Message History

You constrict the giant gecko.
You kill the giant gecko!
Found a stone staircase leading down.
A hobgoblin comes into view. It is wielding a club.
Found a cloak.
A rat comes into view.
There are monsters nearby!
There are monsters nearby!
There are monsters nearby!
The rat completely misses you.
The hobgoblin shouts!
You tentacle-slap the hobgoblin but do no damage.
Your grab misses the hobgoblin.
You squeeze the hobgoblin, but do no damage.
The hobgoblin hits you with a club. The rat barely misses you.
There are monsters nearby!
You barely miss the hobgoblin. You grab the hobgoblin.
You constrict the hobgoblin, but do no damage.
The rat bites you. The hobgoblin hits you with a club!
You die...

..........+ #..#...# #.#
#........## #. #..#..#.#.#
#.# ##...#.#..# #.
#..#..#.#.# #.# ##......###
#. #..#....#.####.#
.#.......# #.
#..#.#.......... #.#...#.##
#.##..#.#..#.####.#
#.....#.# #.[...#.#..#.# #..
##.#...###.####g....#.#..#.#
### #.#....#
......r@.......>#.. # ...##
...###.##..#.#.##.# # .###
............... # #
..##.##..#....... ... #.
#..###.#.## .. .. .... .#.#
. #.....## .# # #.....#


You could see a hobgoblin and a rat.

Vanquished Creatures
  A giant gecko (D:1)
  A ball python (D:1)
  A giant cockroach (D:1)
  2 goblins (D:1)
  A bat (D:1)
  A giant newt (D:1)
  A kobold (D:1)
8 creatures vanquished.

Notes
Turn   | Place    | Note
--------------------------------------------------------------
     0 | D:1      | M4edhros the Octopode Artificer began the quest for the Orb.
     0 | D:1      | Reached XP level 1. HP: 13/13 MP: 3/3
   115 | D:1      | Reached skill level 1 in Unarmed Combat
   218 | D:1      | Reached XP level 2. HP: 15/18 MP: 4/4
   251 | D:1      | Slain by a hobgoblin

Vault maps used:
D:1:      arrival_zaba_pyramid

Skill      XL: |  1 |
---------------+----+-----
Unarmed Combat | 1 |  1.7
Fighting       | |  1.0
Short Blades   | |  1.0
Dodging        | |  2.0
Stealth        | |  1.3
Evocations     | |  3.2

Action                   || total
-------------------------++-------
Melee: Unarmed           ||    22
 Stab: Sleeping          ||     1
